AoeStats
← rateezy

Fortress

509309682Analyzed
4v4 RM · 6d ago on Sep 26, 2026· 36m 35s· 8 players
Game mode
Random Map
Map size
Huge
Population
200
Speed
Normal
Resources
Standard
Victory
Conquest
Starting age
Dark Age
Ending age
Imperial Age
RankedLock teamsTeams togetherTeam positionsShared explorationLock speedFull tech treeHidden civsTurbo modeCheats
Victory
Defeat
🇻🇳 Burmese · Vietnam
1337
+15
🇮🇳 Bengalis · India
1333
+15
🇮🇳 Britons · India
1261
+18
1231
+20
🇨🇳 Mongols · China
1463
-22
🇨🇳 Franks · China
1338
-18
🇫🇷 Lithuanians · France
1312
-17
🇭🇰 Britons · Hong Kong SAR China
1153
-11
agresif
1:16 Loom
8:56 Feudal Age
12:52 Castle Age
10:43 Horse Collar
11:23 Double-Bit Axe
12:57 Town Watch
14:30 Bow Saw
15:06 Fletching
15:17 Padded Archer Armor
15:34 Gold Mining
19:20 Heavy Plow
20:05 Gold Shaft Mining
22:10 Wheelbarrow
26:08 Imperial Age
25:04 Hand Cart
25:09 Stone Mining
25:33 Bodkin Arrow
25:54 Leather Archer Armor
26:01 Ballistics
26:46 Elite Longbowman
28:44 Chemistry
29:38 Two-Man Saw
29:24 Conscription
29:09 Bracer
30:11 Ring Archer Armor
30:45 Yeomen
31:15 Fortified Wall
31:46 Conscription
33:47 Treadmill Crane
34:21 Masonry
rateezy
8:07 Feudal Age
12:01 Castle Age
9:56 Double-Bit Axe
9:58 Horse Collar
12:10 Wheelbarrow
13:07 Bow Saw
17:37 Hand Cart
18:13 Heavy Plow
18:52 Town Watch
19:01 Gold Mining
19:36 Stone Mining
20:33 Gold Shaft Mining
20:05 Loom
24:04 Imperial Age
22:01 Scale Barding Armor
23:36 Chain Barding Armor
23:26 Forging
24:39 Bloodlines
24:30 Husbandry
24:10 Elite Battle Elephant
25:27 Plate Barding Armor
25:20 Conscription
25:18 Guilds
25:51 Iron Casting
25:25 Paiks
28:39 Blast Furnace
31:47 Two-Man Saw
31:18 Crop Rotation
31:05 Town Patrol
31:24 Guilds
36:07 Fletching
36:24 Siege Engineers
36:15 Murder Holes
36:31 Masonry
36:41 Ballistics
37:21 Chemistry
36:34 Fortified Wall
轻绘梨花泪满衣
8:18 Feudal Age
8:52 Double-Bit Axe
8:51 Horse Collar
11:54 Castle Age
10:18 Arson
11:37 Gold Mining
13:13 Scale Mail Armor
14:04 Squires
18:45 Chain Mail Armor
26:24 Wheelbarrow
28:52 Forging
33:47 Imperial Age
32:55 Hand Cart
32:26 Loom
35:34 Plate Mail Armor
35:39 Iron Casting
35:29 Conscription
35:35 Heavy Plow
35:48 Bow Saw
35:18 Capped Ram
36:08 Elite Samurai
tychodalat
7:23 Feudal Age
11:26 Castle Age
9:27 Horse Collar
10:01 Gold Mining
10:23 Loom
12:05 Wheelbarrow
15:01 Heavy Plow
15:44 Town Watch
17:35 Stone Mining
19:27 Padded Archer Armor
27:26 Imperial Age
25:30 Manipur Cavalry
26:01 Husbandry
26:12 Bloodlines
26:27 Fletching
27:23 Light Cavalry
28:34 Conscription
28:34 Hand Cart
29:52 Chemistry
29:13 Ballistics
29:44 Elite Arambai
31:17 Town Patrol
32:33 Gold Shaft Mining
32:33 Crop Rotation
36:14 Howdah
Gericault667
8:33 Feudal Age
6:51 Loom
9:30 Double-Bit Axe
12:24 Castle Age
10:43 Horse Collar
12:24 Wheelbarrow
13:41 Town Watch
14:27 Bow Saw
15:06 Heavy Plow
18:08 Fletching
20:04 Scale Barding Armor
21:34 Chain Barding Armor
22:22 Bloodlines
28:35 Husbandry
28:48 Forging
格格巫
6:10 Feudal Age
10:59 Castle Age
9:56 Double-Bit Axe
9:52 Horse Collar
12:21 Bow Saw
19:56 Wheelbarrow
21:51 Hand Cart
26:03 Imperial Age
23:48 Gold Mining
23:49 Stone Mining
23:54 Fletching
25:36 Gold Shaft Mining
25:27 Bodkin Arrow
26:15 Padded Archer Armor
26:36 Ballistics
26:42 Heavy Plow
27:09 Conscription
27:13 Bracer
27:29 Leather Archer Armor
28:15 Chemistry
27:12 Loom
27:25 Town Watch
27:54 Bloodlines
27:44 Husbandry
27:13 Onager
29:08 Thumb Ring
29:30 Parthian Tactics
28:50 Capped Ram
29:40 Elite Mangudai
31:05 Siege Onager
34:27 Masonry
35:12 Drill
帝国雷
7:43 Feudal Age
11:23 Castle Age
9:18 Double-Bit Axe
9:58 Horse Collar
10:34 Fletching
13:54 Bow Saw
14:47 Heavy Plow
19:30 Gold Mining
19:30 Stone Mining
22:18 Gold Shaft Mining
25:34 Imperial Age
24:11 Bodkin Arrow
24:16 Padded Archer Armor
24:40 Yeomen
26:22 Leather Archer Armor
26:40 Conscription
28:39 Two-Man Saw
29:03 Pikeman
29:44 Squires
29:31 Arson
29:32 Gambesons
29:41 Halberdier
31:45 Ring Archer Armor
32:29 Elite Longbowman
33:41 Ballistics
35:12 Bracer
我叫徐海怪
6:41 Feudal Age
8:35 Double-Bit Axe
11:56 Castle Age
13:28 Wheelbarrow
19:47 Hand Cart
20:36 Loom
24:35 Imperial Age
22:38 Bow Saw
25:05 Forging
25:02 Scale Barding Armor
26:29 Conscription
26:12 Husbandry
25:33 Cavalier
26:54 Iron Casting
27:01 Chain Barding Armor
26:39 Gold Mining
29:14 Gold Shaft Mining
28:43 Pikeman
29:23 Squires
Connection lost

Rejoining the realm…

Still unreachable

The connection could not be restored.

Session expired

The server has moved on; the page needs a fresh start.